 Dungeon Crawl Stone Soup version 0.29.1-1-gd02db6906a (webtiles) character file.

Game seed: 17426710777535973061

52 swilekon the Insei (level 3, 35/35 HPs)
             Began as a Gnoll Monk on Sept 18, 2022.
             Quit the game on level 2 of the Dungeon.
             The game lasted 00:02:32 (1491 turns).

swilekon the Insei (Gnoll Monk)                     Turns: 1491, Time: 00:02:33

Health: 35/35      AC:  3    Str: 12    XL:     3   Next: 85%
Magic:  4/4        EV: 15    Int:  9    God:
Gold:   74         SH:  0    Dex: 14    Spells: 4/4 levels left

rFire   . . .      SeeInvis .     - Unarmed
rCold   . . .      Faith    .   (no shield)
rNeg    . . .      Spirit   .   a - +0 robe
rPois   .          Reflect  .   (no helmet)
rElec   .          Harm     .   m - +0 cloak
rCorr   .          Rampage  .   (no gloves)
Will    .....                   (no boots)
Stlth   +++.......              (no amulet)
HPRegen 0.11/turn               (no ring)
MPRegen 0.09/turn               (no ring)

@: no status effects
A: fangs 1, strong nose, distributed training
a: no special abilities


You were on level 2 of the Dungeon.
You visited 1 branch of the dungeon, and saw 2 of its levels.

You collected 74 gold pieces.

Inventory:

Armour
 a - a +0 robe (worn)
 m - a +0 cloak (worn)
Scrolls
 c - 2 scrolls of enchant armour {unknown}
 e - a scroll of amnesia {unknown}
 g - a scroll of fear {unknown}
 h - 3 scrolls of identify {unknown}
 i - a scroll of magic mapping {unknown}
 j - a scroll of enchant weapon {unknown}
 n - a scroll of noise {unknown}
Potions
 b - a potion of ambrosia
 d - a potion of resistance {unknown}
 f - a potion of brilliance {unknown}
 k - a potion of might {unknown}
 l - a potion of curing {unknown}


   Skills:
 + Level 6.5 Fighting
 + Level 1.0 Short Blades
 + Level 1.0 Long Blades
 + Level 1.0 Axes
 + Level 1.0 Maces & Flails
 + Level 1.0 Polearms
 + Level 1.0 Staves
 + Level 1.0 Ranged Weapons
 + Level 1.0 Throwing
 + Level 1.0 Armour
 + Level 6.5 Dodging
 + Level 4.2 Stealth
 + Level 1.0 Shields
 + Level 6.5 Unarmed Combat
 + Level 1.0 Spellcasting
 + Level 0.7 Conjurations
 + Level 0.7 Hexes
 + Level 0.7 Summonings
 + Level 0.7 Necromancy
 + Level 0.7 Translocations
 + Level 0.7 Transmutations
 + Level 0.7 Fire Magic
 + Level 0.7 Ice Magic
 + Level 0.7 Air Magic
 + Level 0.7 Earth Magic
 + Level 0.7 Poison Magic
 + Level 1.1 Invocations
 + Level 1.0 Evocations


You had 4 spell levels left.
You didn't know any spells.
Your spell library was empty.

Dungeon Overview and Level Annotations

Branches:
Dungeon (2/15)

Altars:


Innate Abilities, Weirdness & Mutations

You have very sharp teeth.
Your uncanny sense of smell can sniff out nearby items.
Your experience applies equally to all skills.


Message History

No target in view!
There is an open door here.
n - a scroll labelled VUGEAROMNU A bat comes into view.
A bat is nearby!
A bat is nearby!
A bat is nearby!
The helpless bat fails to defend itself.
You punch the bat!
You kill the bat!
No target in view!
No target in view!
No target in view!
No target in view!
No target in view!
No target in view!
No target in view!
Key pressed, stopping explore.
You open the door.
There is an open door here.
Key pressed, stopping explore.
A kobold comes into view. It is wielding a +0 whip.
A kobold is nearby!
A kobold is nearby!
A kobold is nearby!
A kobold is nearby!
The helpless kobold fails to defend itself.
You hit the kobold.
You kill the kobold!
No target in view!
No target in view!
No target in view!
No target in view!
No target in view!
No target in view!
c - 2 scrolls labelled NUUFUN JIPRO (gained 1) Key pressed, stopping explore.
Key pressed, stopping explore.
Done exploring.
Are you sure you want to abandon this character and quit the game? (Confirm with "yes".)

#..# ######.#...#####.#####. #..#
#...#....#........ #..#
#..#####..).#####. #..#
#..#####....### #. #..#
#.....#..#....###. #..#
##.##.#.###<...##. #..# ##.##.#.#
###..... #..#
###..##...#####..... ##.#
#..@##..........##..
##############################..#
...........#...........#.....'...
.#########.#.#########.#.#######.
.....#.....#.....#.....#.....#.#.
####.#.#########.#.#########.#...
.....#...........#...........#...
##############################.##
# #..# #..##.###.#..........###


There were no monsters in sight!

Vanquished Creatures
  2 worms (D:2)
  An orc (D:2)
  4 endoplasms
  2 giant cockroaches (D:1)
  4 goblins
  4 hobgoblins (D:1)
  5 kobolds
  4 quokkas
  4 ball pythons
  5 bats
  2 frilled lizards
  4 rats
41 creatures vanquished.

Notes
Turn   | Place    | Note
-------+----------+-------------------------------------------
     0 | D:1      | swilekon the Gnoll Monk began the quest for the Orb.
     0 | D:1      | Reached XP level 1. HP: 23/23 MP: 1/1
    53 | D:1      | Reached XP level 2. HP: 15/29 MP: 2/2
   387 | D:1      | Found a faded altar of an unknown god.
   470 | D:1      | Reached XP level 3. HP: 30/35 MP: 3/3
   893 | D:2      | Reached skill level 1 in Invocations
  1150 | D:2      | Reached skill level 1 in Short Blades
  1150 | D:2      | Reached skill level 1 in Long Blades
  1150 | D:2      | Reached skill level 1 in Axes
  1150 | D:2      | Reached skill level 1 in Maces & Flails
  1150 | D:2      | Reached skill level 1 in Polearms
  1150 | D:2      | Reached skill level 1 in Staves
  1150 | D:2      | Reached skill level 1 in Ranged Weapons
  1150 | D:2      | Reached skill level 1 in Throwing
  1150 | D:2      | Reached skill level 1 in Armour
  1150 | D:2      | Reached skill level 1 in Shields
  1150 | D:2      | Reached skill level 1 in Spellcasting
  1150 | D:2      | Reached skill level 1 in Evocations
  1491 | D:2      | Quit the game

Illustrated notes

Levels and vault maps discovered:
D:1:      psy_arrival_spokes, layout_basic, ebering_ecumenical_altar_abandoned,
          st_stairs_1, minmay_splitting_lines
D:2:      layout_rooms, roderic_serpentine_path, kennysheep_generic_room_11

Skill      XL: |  1  2  3 |
---------------+----------+-----
Invocations    | 1 |  1.1
Short Blades   | 1 |  1.0
Long Blades    | 1 |  1.0
Axes           | 1 |  1.0
Maces & Flails | 1 |  1.0
Polearms       | 1 |  1.0
Staves         | 1 |  1.0
Ranged Weapons | 1 |  1.0
Throwing       | 1 |  1.0
Armour         | 1 |  1.0
Shields        | 1 |  1.0
Spellcasting   | 1 |  1.0
Evocations     | 1 |  1.0
Fighting       | |  6.5
Dodging        | |  6.5
Stealth        | |  4.2
Unarmed Combat | |  6.5
Conjurations   | |  0.7
Hexes          | |  0.7
Summonings     | |  0.7
Necromancy     | |  0.7
Translocations | |  0.7
Transmutations | |  0.7
Fire Magic     | |  0.7
Ice Magic      | |  0.7
Air Magic      | |  0.7
Earth Magic    | |  0.7
Poison Magic   | |  0.7

Action                   || total
-------------------------++-------
Melee: Unarmed           ||    87
       Bite              ||     3
       Punch             ||     1
 Stab: Sleeping          ||    11
Armor: Robe              ||    20
Dodge: Dodged            ||    86
